 Dungeon Crawl Stone Soup version 0.21.1-1-g345015f (webtiles) character file.

100 Mesmaeker13 the Chucker (level 4, 0/48 HPs)
             Began as an Ogre Hunter on May 6, 2018.
             Killed from afar by an orc wizard (14 damage)
             ... with a puff of frost
             ... on level 3 of the Dungeon.
             The game lasted 00:03:11 (2871 turns).

Mesmaeker13 the Chucker (Ogre Hunter)               Turns: 2871, Time: 00:03:12

Health: 0/48       AC:  3    Str: 16    XL:     4   Next: 74%
Magic:  4/4        EV: 10    Int: 12    God:
Gold:   157        SH:  0    Dex: 10    Spells: 3/3 levels left

rFire    . . .     SeeInvis .   j - +0 spear (pierce)
rCold    . . .     Gourm    .   (no shield)
rNeg     . . .     Faith    .   b - +0 robe
rPois    .         Spirit   .   (helmet restricted)
rElec    .         Reflect  .   (no cloak)
rCorr    .         Harm     .   (gloves unavailable)
MR       .....                  (boots unavailable)
Stlth    +.........             (no amulet)
HPRegen  0.16/turn              (no ring)
MPRegen  0.09/turn              (no ring)

@: no status effects
A: large, unfitting armour, tough skin 1
a: no special abilities


You were on level 3 of the Dungeon.
You were not hungry.

You visited 1 branch of the dungeon, and saw 4 of its levels.

You collected 157 gold pieces.

Inventory:

Hand Weapons
 i - a +0 blowgun
 j - a +0 spear of piercing (weapon)
Missiles
 c - 5 large rocks (quivered)
 d - 2 throwing nets
 k - 15 poisoned needles
Armour
 b - a +0 robe (worn)
Scrolls
 a - a scroll of amnesia
 e - a scroll of fog
 h - a scroll of enchant weapon {unknown}
 l - 2 scrolls of teleportation
 n - 2 scrolls of magic mapping
 q - a scroll of identify
Potions
 g - a potion of might
 m - a potion of flight {unknown}
 o - a potion of lignification {unknown}
 r - 2 potions of curing
Comestibles
 f - 4 rations
 p - a chunk of flesh


   Skills:
 + Level 4.2 Fighting
 + Level 4.7 Throwing
 + Level 2.9 Dodging
 - Level 0.6 Stealth


You had 3 spell levels left.
You didn't know any spells.

Dungeon Overview and Level Annotations

Branches:
Dungeon (4/15)
 Temple: D:4-7

Altars:


Innate Abilities, Weirdness & Mutations

You are too large for most types of armour.
You have tough skin. (AC +1)


Message History

Deactivating autopickup; reactivate with Ctrl-A.
The orc priest shouts!
You hear some strange, mumbled words.
There is a stone staircase leading up here.
You can't go down here!
Something hits you.
You climb upwards.
The gnoll hits you with a spear. The gnoll barely misses you.
There is a stone staircase leading down here.
Unknown command.
The orc wizard gestures at you while chanting.
The puff of flame hits you! The gnoll closely misses you.
You hear some strange, mumbled words.
A puff of flame appears from out of thin air!
The puff of flame hits you!
* * * LOW HITPOINT WARNING * * *
You hear some strange, mumbled words.
A puff of frost appears from out of thin air!
The puff of frost hits you!
You die...

..(...##.......#..#
#.#
..................#
# #
..................#
..........>.......#
#..
..................#
#.#
#....#............#
# .
#.###........g....#
## #.#
#..#...o......# ..#
#...........@.# #
..###.##.......##.#
.
..##..###.#######.#
.......##..## #.#
..##.#...#..## #.#
..#..###.##..# #.#
....####.###.####.#
.#..##..........#.#
.##.##............#


You could see an orc wizard and a gnoll.

Vanquished Creatures
  5 adders
  An ooze (D:3)
  A worm (D:2)
  2 dart slugs
  A leopard gecko (D:2)
  4 bats
  A giant cockroach (D:1)
  6 hobgoblins
  2 jackals (D:2)
  2 ball pythons (D:2)
  3 frilled lizards (D:1)
  5 goblins
  7 kobolds
  5 rats
45 creatures vanquished.

Notes
Turn   | Place    | Note
-------+----------+-------------------------------------------
     0 | D:1      | Mesmaeker13 the Ogre Hunter began the quest for the Orb.
     0 | D:1      | Reached XP level 1. HP: 22/22 MP: 1/1
   475 | D:1      | Reached XP level 2. HP: 31/31 MP: 2/2
  1126 | D:2      | Reached XP level 3. HP: 34/37 MP: 3/3
  1148 | D:2      | Found a faded altar of an unknown god.
  1513 | D:2      | Reached XP level 4. HP: 48/48 MP: 4/4
  2871 | D:3      | Killed from afar by an orc wizard

Skill      XL: |  1  2  3  4 |
---------------+-------------+-----
Fighting       | 3 4 |  4.2
Dodging        | 2 |  2.9
Throwing       | |  4.7
Stealth        | |  0.6

Action                   |  1- 3 |  4- 6 || total
-------------------------+-------+-------++-------
Melee: Short sword       |    12 |       ||    12
       Spear             |    78 |    76 ||   154
  Use: Scroll            |       |     7 ||     7
       Potion            |       |     1 ||     1
 Stab: Sleeping          |     3 |     2 ||     5
  Eat: Chunk             |     2 |     4 ||     6
Armor: Robe              |    14 |    36 ||    50
Dodge: Dodged            |    32 |    64 ||    96
